 Dungeon Crawl Stone Soup version 0.30-a0-43-gbbf338a72c (webtiles) character file.

Game seed: 3354089252425585048

15152 IdlyInterested the Basher (level 11, -1/86 HPs)
             Began as a Demonspawn Fighter on Aug 31, 2022.
             Slain by Kirke (12 damage)
             ... on level 12 of the Dungeon.
             The game lasted 00:51:54 (14548 turns).

IdlyInterested the Basher (Demonspawn Fighter)     Turns: 14548, Time: 00:51:55

Health: -1/86      AC:  0    Str: 16    XL:     11   Next: 98%
Magic:  0/12       EV: 15    Int: 19    God:
Gold:   1136       SH:  0    Dex: 20    Spells: 10/10 levels left

rFire   . . .      SeeInvis .    (weapon currently unavailable)
rCold   . . .      Faith    .    (shield currently unavailable)
rNeg    + . .      Spirit   +    (body armour currently unavailable)
rPois   .          Reflect  .    (helmet currently unavailable)
rElec   .          Harm     .    (cloak currently unavailable)
rCorr   .          Rampage  .    (gloves unavailable)
Will    .....                    (boots currently unavailable)
Stlth   ++........               p - macabre finger necklace {rN+}
HPRegen 0.24/turn                (ring currently unavailable)
MPRegen 0.26/turn                (ring currently unavailable)
                                 m - +6 ring of dexterity

@: pig-form, studying Short Blades, very quick
A: fast, no casting, small, (claws 3), (icy blue scales 2), demonic guardian 1,
magic shield, magic regeneration, agile 1, clever 2, (cold resistance 1), low MP
1
a: no special abilities


You were on level 12 of the Dungeon.
You were a filthy swine.
You visited 2 branches of the dungeon, and saw 13 of its levels.

You collected 2778 gold pieces.
You spent 1642 gold pieces at shops.

Inventory:

Hand Weapons
 a - a +0 flail of venom
 n - a +0 war axe of flaming
 Y - a +1 morningstar of flaming (melded)
Missiles
 H - 3 throwing nets
 T - 2 datura-tipped darts
 X - 3 boomerangs of dispersal
Armour
 c - a +0 buckler
 g - a +0 pair of boots (melded)
 q - the +1 ring mail "Orot" {-Tele Rampage rF+ Int+4}
   (You found it on level 2 of the Dungeon)

   Int:       It affects your intelligence (+4).
   rF:        It protects you from fire.
   -Tele:     It prevents most forms of teleportation.
   Rampage:   It bestows one free step when moving towards enemies.
 A - a +0 kite shield (melded)
 E - a +0 helmet (melded)
 I - +0 steam dragon scales
 K - a +0 kite shield
 L - a +0 plate armour (melded)
 S - a +0 cloak (melded)
 Z - a +1 ring mail of poison resistance
Jewellery
 e - a ring of protection from fire
 i - a ring of see invisible
 j - the ring of Caclirr (melded) {Contam AC+4 Int-2 Dex+9 Stlth+}
   (You bought it in a shop on level 1 of the Dungeon)

   [ring of protection]

   AC:        It affects your AC (+4).
   Int:       It affects your intelligence (-2).
   Dex:       It affects your dexterity (+9).
   Contam:    It causes magical contamination when unequipped.
   Stlth:     It makes you more stealthy.
 m - a +6 ring of dexterity (on amulet)
 p - the macabre finger necklace (around neck) {rN+}
   (You bought it in a shop on level 1 of the Dungeon)

   [amulet of nothing]

   It enables you to equip an extra ring.
   rN:        It protects you from negative energy.
 r - an amulet of faith
 u - an amulet of regeneration
 x - an amulet of magic regeneration
 y - a +6 ring of strength (melded)
 z - a +6 ring of dexterity
 D - a ring of resist corrosion
 P - a ring of fire
 Q - a ring of protection from cold
 U - a ring of positive energy
Wands
 s - a wand of paralysis (12)
 w - a wand of flame (40) (quivered)
 C - a wand of light (1)
 F - a wand of polymorph (1)
 J - a wand of iceblast (8)
 R - a wand of digging (14)
Scrolls
 f - 5 scrolls of teleportation
 k - 3 scrolls of fog
 o - a scroll of brand weapon
 O - a scroll of magic mapping
 W - a scroll of fear
Potions
 b - 6 potions of curing
 d - a potion of might
 h - a potion of invisibility
 l - 5 potions of cancellation
 t - 4 potions of flight
 v - a potion of resistance
 B - a potion of mutation
 G - 2 potions of magic
 M - a potion of brilliance


   Skills:
 - Level 8.0 Fighting
 * Level 14.4 Maces & Flails
 - Level 2.6 Armour
 - Level 2.0 Dodging
 + Level 7.7 Shields
 - Level 4.0 Invocations
 - Level 2.0 Evocations


You had 10 spell levels left.
You didn't know any spells.
Your spell library contained the following spells:

 Spells                   Type           Power      Damage    Failure   Level
 Apportation              Tloc           0%         N/A       21%         1
 Sting                    Tmut/Pois      0%         1d3       21%         1
 Summon Small Mammal      Summ           0%         N/A       21%         1
 Ensorcelled Hibernation  Hex/Ice        0%         N/A       30%         2
 Passwall                 Tmut/Erth      0%         N/A       30%         2
 Poisonous Vapours        Pois/Air       0%         N/A       30%         2
 Call Canine Familiar     Summ           0%         N/A       52%         3
 Conjure Flame            Conj/Fire      0%         6-21      52%         3
 Gell's Gravitas          Tloc           0%         N/A       52%         3
 Ignite Poison            Fire/Tmut/Pois 0%         N/A       52%         3
 Lesser Beckoning         Tloc           0%         N/A       52%         3
 Summon Guardian Golem    Hex/Summ       0%         N/A       52%         3
 Swiftness                Air            0%         N/A       52%         3
 Teleport Other           Tloc           0%         N/A       52%         3
 Animate Dead             Necr           0%         N/A       90%         4
 Dispel Undead            Necr           0%         3d6       90%         4
 Hailstorm                Conj/Ice       0%         3d3       90%         4
 Ice Form                 Ice/Tmut       0%         N/A       90%         4
 Olgreb's Toxic Radiance  Pois           0%         N/A       90%         4
 Sticky Flame             Conj/Fire      0%         2d3       90%         4
 Alistair's Intoxication  Tmut/Pois      0%         N/A       99%         5
 Iskenderun's Battlesphe  Conj           0%         2d6       99%         5
 Iron Shot                Conj/Erth      0%         9d1       100%        6
 Simulacrum               Ice/Necr       0%         N/A       100%        6
 Haunt                    Necr/Summ      0%         N/A       100%        7
 Spellforged Servitor     Conj/Summ      0%         N/A       100%        7
 Summon Hydra             Summ           0%         N/A       100%        7
 Infestation              Necr           0%         N/A       100%        8
 Chain Lightning          Conj/Air       0%         N/A       100%        9
 Fire Storm               Conj/Fire      0%         5d1       100%        9
 Shatter                  Erth           0%         3d5*      100%        9


Dungeon Overview and Level Annotations

Branches:
Dungeon (12/15)            Temple (1/1) D:6            Lair (0/5) D:11
    Orc (0/2) D:11

Altars:
Ashenzari
Cheibriados
Dithmenos
Fedhas
Gozag
Hepliaklqana
Kikubaaqudgha
Makhleb
Nemelex Xobeh
Okawaru
Qazlal
Ru
Sif Muna
Trog
Uskayaw
Vehumet
Wu Jian
Xom
Yredelemnul

Shops:
D:1 =   D:3 *   D:11 (   D:12 !

Annotations:
D:12 Kirke


Innate Abilities, Weirdness & Mutations

You are a filthy swine.
You move quickly.
Your equipment is almost entirely melded.
You are incapable of wielding weapons or throwing items.
You cannot cast spells.
((You have claws for hands.))
((You are mostly covered in icy blue scales. (AC +3)))
A weak demonic guardian rushes to your aid.
When hurt, damage is shared between your health and your magic reserves.
You regenerate magic rapidly.
You are agile. (Dex +4, Str/Int -1)
Your mind is very acute. (Int +8, Str/Dex -2)
((Your flesh is cold resistant. (rC+)))
Your magical capacity is low. (-10% MP)


Message History

Kirke and a hog come into view.
The hog squeals angrily.
You hear an angry squeal.
A hog comes into view.
The hog squeals angrily.
A hog comes into view.
Kirke hits you but does no damage.
You puncture Kirke! You burn Kirke.
Kirke is lightly wounded.
The hog bites you. Kirke closely misses you.
You impale Kirke!! You burn Kirke.
Kirke is moderately wounded.
You block the hog's attack. Kirke casts a spell at you.
You turn into a filthy swine.
Your +1 morningstar of flaming melds into your body.
Your +0 cloak melds into your body.
Your +0 helmet melds into your body.
Your +0 pair of boots melds into your body.
Your +0 kite shield melds into your body.
Your +0 plate armour melds into your body.
Your +6 ring of strength melds into your body.
The ring of Caclirr {Contam AC+4 Int-2 Dex+9 Stlth+} melds into your body.
Your +1 morningstar of flaming stops flaming.
You feel weaker. The hog closely misses you. The hog completely misses you.
You hit Kirke.
Kirke is moderately wounded.
The hog bites you! Kirke barely misses you. The hog bites you.
The hog barely misses you.
You bite Kirke!
Kirke is moderately wounded.
The hog bites you. The hog bites you! The hog misses you.
You hit Kirke.
Kirke is heavily wounded.
The hog bites you! Kirke hits you! The hog bites you!
* * * LOW HITPOINT WARNING * * *
A demonic guardian appears!
The hog bites you!
* * * LOW HITPOINT WARNING * * *
Unknown command.
Kirke hits you!
You die...

#.###)#.....#
#.##.....##.#
#........##.# #
#.....<..##.#.#
##........##.#.#
#....∩......5..#
#........###h######
#..>.[...##.h.....#
#......#.##h@h....#
#........##.#.#...#
#........##.#.....#
#####..#+##.#.....#
##.+ .....#.## ###
#.#..#.# ..#..# #
..#


You could see Kirke, 3 hogs and a friendly ufetubus (summoned).

Vanquished Creatures
  2 two-headed ogres
  A tengu warrior (D:11)
  The ghost of greasedhog the Covert, a journeyman GrWn of Dithmenos (D:11)
  A flayed ghost (D:11)
  2 deep elf pyromancers (D:11)
  An ugly thing (D:10)
  An oklob plant (D:11)
  2 cyclopes
  An unseen horror (D:11)
  Psyche (D:12)
  Grinder (D:3)
  5 trolls
  2 hornets
  3 shadows
  A wyvern (D:8)
  A wraith (D:9)
  11 yaks (D:9)
  3 steam dragons
  A warg (D:11)
  4 water moccasins
  5 orc warriors
  3 ice beasts
  2 black bears
  An ogre (D:6)
  8 centaurs
  A phantom (D:5)
  A kobold brigand (D:9)
  5 bullfrogs
  4 gnoll sergeants
  5 scorpions
  6 wights
  4 killer bees (D:7)
  3 howler monkeys (D:9)
  7 orc priests
  4 hounds
  2 gnoll boudas
  2 iguanas
  11 orc wizards
  30 gnolls
  2 adders
  A shadow imp (D:6)
  2 white imps (D:5)
  A worm (D:4)
  3 dart slugs
  37 orcs
  8 ball pythons
  5 endoplasms
  2 giant cockroaches
  7 goblins
  10 hobgoblins
  7 jackals
  4 quokkas
  7 bats
  A frilled lizard (D:1)
  15 kobolds
  5 rats
266 creatures vanquished.

Vanquished Creatures (collateral kills)
  An ogre (D:11)
  An orc priest (D:11)
  An orc (D:11)
  A goblin (D:11)
4 creatures vanquished.

Vanquished Creatures (others)
  A white imp (D:6)
1 creature vanquished.

Grand Total: 271 creatures vanquished

Notes
Turn   | Place    | Note
-------+----------+-------------------------------------------
     0 | D:1      | IdlyInterested the Demonspawn Fighter began the quest for
                  | the Orb.
     0 | D:1      | Reached XP level 1. HP: 18/18 MP: 1/1
    66 | D:1      | Reached skill level 2 in Maces & Flails
   238 | D:1      | Gained mutation: You regenerate magic rapidly. [demonic
                  | ancestry]
   238 | D:1      | Reached XP level 2. HP: 24/24 MP: 2/2
   433 | D:1      | Found a faded altar of an unknown god.
   686 | D:1      | Gained mutation: You have sharp fingernails. [demonic
                  | ancestry]
   686 | D:1      | Reached XP level 3. HP: 11/29 MP: 3/3
  1193 | D:1      | Found Maucix's Jewellery Shop.
  1583 | D:2      | Identified the +1 ring mail "Orot" {-Tele Rampage rF+
                  | Int+4}
  1632 | D:2      | You fall into a shaft and drop 1 floor!
  1684 | D:3      | Found Weaz's Assorted Antiques.
  1697 | D:3      | Bought a puce potion for 24 gold pieces
  1697 | D:3      | Bought a scroll labelled OBIRON NIAWARO for 27 gold pieces
  1704 | D:3      | Got the Tome of Malignant Rites
  1718 | D:3      | Reached skill level 3 in Maces & Flails
  1851 | D:2      | Reached XP level 4. HP: 37/37 MP: 4/4
  2559 | D:3      | Identified a scroll of acquirement
  2559 | D:3      | Acquired 1084 gold pieces
  2595 | D:1      | Bought the ring of Caclirr {Contam AC+4 Int-2 Dex+9 Stlth+}
                  | for 603 gold pieces
  2595 | D:1      | Bought the macabre finger necklace {rN+} for 440 gold
                  | pieces
  2595 | D:1      | Found the macabre finger necklace {rN+}
  2642 | D:3      | Bought a runed silver wand for 108 gold pieces
  2697 | D:3      | Noticed a scorpion
  2702 | D:3      | Killed a scorpion
  2703 | D:3      | Gained mutation: When hurt, damage is shared between your
                  | health and your magic reserves. [demonic ancestry]
  2703 | D:3      | Reached XP level 5. HP: 42/42 MP: 5/5
  3039 | D:3      | Found a sacrificial altar of Ru.
  3107 | D:3      | Noticed Grinder
  3123 | D:3      | Killed Grinder
  3124 | D:3      | Reached skill level 5 in Maces & Flails
  3124 | D:3      | Reached XP level 6. HP: 43/48 MP: 4/6
  3391 | D:4      | Reached skill level 1 in Dodging
  3595 | D:4      | Gained mutation: You have very sharp fingernails. [demonic
                  | ancestry]
  3595 | D:4      | Reached XP level 7. HP: 54/54 MP: 7/7
  3605 | D:4      | Found a shadowy altar of Dithmenos.
  4174 | D:5      | Entered Level 5 of the Dungeon
  4276 | D:5      | Reached skill level 1 in Evocations
  4308 | D:5      | Found a broken altar of Ashenzari.
  4317 | D:5      | Found a bloodstained altar of Trog.
  4357 | D:5      | Reached skill level 6 in Maces & Flails
  4395 | D:5      | Reached skill level 1 in Invocations
  4523 | D:5      | Gained mutation: You are partially covered in icy blue
                  | scales. (AC +2) [demonic ancestry]
  4523 | D:5      | Reached XP level 8. HP: 50/60 MP: 7/10
  4956 | D:5      | Reached skill level 7 in Maces & Flails
  5349 | D:6      | Reached skill level 8 in Maces & Flails
  5470 | D:6      | Reached skill level 5 in Fighting
  5531 | D:6      | Found a staircase to the Ecumenical Temple.
  5572 | Temple   | Entered the Ecumenical Temple
  5846 | D:6      | Gained mutation: You have claws for hands. [demonic
                  | ancestry]
  5846 | D:6      | Reached XP level 9. HP: 68/68 MP: 12/12
  6523 | D:7      | Reached skill level 9 in Maces & Flails
  6573 | D:7      | Gained mutation: You have hidden genetic potential. [potion
                  | of mutation]
  6573 | D:7      | Gained mutation: Your magical capacity is low. (-10% MP)
                  | [potion of mutation]
  6573 | D:7      | Gained mutation: Your mind is acute. (Int +4, Str/Dex -1)
                  | [potion of mutation]
  6573 | D:7      | Gained mutation: You are agile. (Dex +4, Str/Int -1)
                  | [potion of mutation]
  6895 | D:7      | Found a faded altar of an unknown god.
  6895 | D:7      | Found a sparkling altar of Nemelex Xobeh.
  7055 | D:7      | Found a blossoming altar of Fedhas.
  7057 | D:7      | Found a faded altar of an unknown god.
  7058 | D:7      | Found an iron altar of Okawaru.
  7382 | D:8      | Reached skill level 10 in Maces & Flails
  7981 | D:8      | Found a burning altar of Makhleb.
  8015 | D:8      | Gained mutation: You are mostly covered in icy blue scales.
                  | (AC +3) [demonic ancestry]
  8015 | D:8      | Reached XP level 10. HP: 20/79 MP: 9/11
  8560 | D:8      | Noticed Maurice
  8567 | D:8      | Noticed Maurice
  8567 | D:8      | Maurice changed into Maurice the water moccasin
  8573 | D:8      | Killed Maurice the water moccasin
  8713 | D:8      | Found an opulent altar of Gozag.
  9020 | D:9      | Acquired 809 gold pieces
  9041 | D:9      | Reached skill level 11 in Maces & Flails
  9057 | D:9      | Gained mutation: Your flesh is cold resistant. (rC+)
                  | [hidden potential]
  9089 | D:9      | Found a snail-covered altar of Cheibriados.
  9289 | D:9      | Noticed a cyclops
  9328 | D:9      | Killed a cyclops
  9720 | D:9      | Reached skill level 12 in Maces & Flails
  9812 | D:9      | Reached skill level 5 in Shields
 10751 | D:1      | Bought a ring of protection from cold for 275 gold pieces
 10972 | D:10     | Entered Level 10 of the Dungeon
 11068 | D:10     | Noticed a purple ugly thing
 11082 | D:10     | Killed a purple ugly thing
 11083 | D:10     | Gained mutation: A weak demonic guardian rushes to your
                  | aid. [demonic ancestry]
 11083 | D:10     | Reached XP level 11. HP: 60/86 MP: 9/12
 11276 | D:10     | Found a shimmering altar of Xom.
 11276 | D:10     | Found a shimmering altar of Xom.
 11286 | D:10     | Found a shimmering altar of Xom.
 11383 | D:10     | Gained mutation: Your mind is very acute. (Int +8, Str/Dex
                  | -2) [hidden potential]
 11383 | D:10     | Lost mutation: You have hidden genetic potential. [hidden
                  | potential expressed]
 11643 | D:10     | Noticed a two-headed ogre
 11658 | D:10     | Killed a two-headed ogre
 11659 | D:10     | Reached skill level 13 in Maces & Flails
 12030 | D:11     | Noticed a flayed ghost
 12030 | D:11     | Noticed a deep elf pyromancer
 12030 | D:11     | Found a transporter.
 12043 | D:11     | Killed a deep elf pyromancer
 12120 | D:11     | Got the Volume of Accompaniment and Mortification
 12176 | D:11     | Found a staircase to the Orcish Mines.
 12211 | D:11     | HP: 4/83 [orc priest/divine providence (10)]
 12613 | D:11     | Noticed a deep elf pyromancer
 12627 | D:11     | Killed a deep elf pyromancer
 13086 | D:11     | Noticed a tengu warrior
 13087 | D:11     | Noticed greasedhog's ghost (journeyman GrWn)
 13095 | D:11     | Found Suipoq's Antique Weapon Shop.
 13315 | D:11     | Found a staircase to the Lair.
 13316 | D:11     | Noticed an oklob plant
 13334 | D:11     | Killed an oklob plant
 13573 | D:11     | Found a transporter.
 13698 | D:11     | Found a hide-covered altar of Uskayaw.
 13925 | D:11     | Killed greasedhog's ghost
 13926 | D:11     | Reached skill level 14 in Maces & Flails
 13933 | D:11     | Killed a flayed ghost
 13942 | D:11     | Killed a tengu warrior
 14225 | D:12     | Noticed Psyche
 14237 | D:12     | Killed Psyche
 14336 | D:12     | Found Uduwnup's Distillery.
 14365 | D:12     | Bought a potion of curing for 33 gold pieces
 14365 | D:12     | Bought a potion of curing for 33 gold pieces
 14365 | D:12     | Bought a potion of curing for 33 gold pieces
 14365 | D:12     | Bought a potion of curing for 33 gold pieces
 14365 | D:12     | Bought a potion of attraction for 33 gold pieces
 14375 | D:12     | Noticed a two-headed ogre
 14384 | D:12     | Killed a two-headed ogre
 14540 | D:12     | Noticed Kirke
 14548 | D:12     | Slain by Kirke

Illustrated notes

Levels and vault maps discovered:
D:1:      dpeg_arrival_ternary, layout_loops_corners, serial_shops,
          nicolae_shop_hallway_stairs, shapermc_ecumenical_altar_venn,
          hangedman_decor_peaks_small, minmay_pentomino_u2
D:2:      layout_basic, minmay_small_reverse_x
D:3:      layout_basic, nicolae_ru_path_of_blood, serial_shops,
          nicolae_shop_competitors_out_of_business, serial_curves,
          eino_curves_04, eino_curves_04, eino_curves_04, eino_curves_01,
          uniq_grinder
D:4:      layout_loops_corners, overflow_temple_1_default
D:5:      layout_gridville, minitemple
D:6:      layout_cave_pools, minmay_temple_entry_antechambers
D:7:      layout_loops_ring, chequers_temple_overflow_minitemple
D:8:      layout_loops_ring, grunt_gozag_breadcrumbs,
          mainiacjoe_overflow_alcove_1, elyvilon_altar_5,
          kennysheep_cross_bottleneck, uniq_maurice
D:9:      layout_loops_corners, mainiacjoe_overflow_paths
D:10:     statuecave_lemuel, layout_rooms, xom_shifter_show
D:11:     layout_irregular_city, dpeg_oklobed_lair, erik_orc_3, serial_shops,
          nicolae_shop_advertising_works [nicolae_subvault_shop_adworks],
          gammafunk_ghost_arena, grunt_decor_clamped, minivault_24,
          nicolae_uskayaw_suspiria
D:12:     layout_basic, serial_shops, nicolae_shop_behind_doors,
          nicolae_shop_stone, nicolae_stop_n_shop_1, shop_fountains,
          minmay_tree_intersection, uniq_psyche, uniq_kirke
Temple:   grunt_temple_mini_profane

Skill      XL: |  1  2  3  4  5  6  7  8  9 10 11 |
---------------+----------------------------------+-----
Maces & Flails | 2 3 5 6 8 10 12 14 | 14.4
Fighting       | 4 5 7 8 |  8.0
Shields        | 3 4 5 7 |  7.7
Dodging        | 1 2 |  2.0
Evocations     | 2 |  2.0
Invocations    | 3 4 |  4.0
Armour         | |  2.6

Action                   |  1- 3 |  4- 6 |  7- 9 | 10-12 || total
-------------------------+-------+-------+-------+-------++-------
Melee: Flail             |   136 |   121 |   440 |   425 ||  1122
       Morningstar       |       |       |       |    43 ||    43
       Unarmed           |       |       |       |    11 ||    11
Throw: Dart              |       |       |       |     2 ||     2
Evoke: Wand              |       |       |     7 |    19 ||    26
  Use: Scroll            |     5 |     6 |    10 |     8 ||    29
       Potion            |       |       |     1 |     6 ||     7
 Stab: Sleeping          |       |     5 |     8 |       ||    13
       Distracted        |       |     1 |     2 |       ||     3
Armor: Scale mail        |    38 |       |       |       ||    38
       Chain mail        |    22 |       |       |       ||    22
       Ring mail         |    18 |    51 |   172 |       ||   241
       Plate armour      |       |       |   102 |   263 ||   365
Dodge: Dodged            |    55 |    50 |   160 |    99 ||   364
Block: Buckler           |    36 |    44 |     4 |       ||    84
       Kite shield       |       |       |   297 |   264 ||   561

Table legend: (Time is in decaauts)
 A = Elapsed time spent in this place.
 B = Non-inter-level travel time spent in this place.
 C = Inter-level travel time spent in this place.
 D = Time resting spent in this place.
 E = Time spent auto-exploring this place.
 F = Levels seen in this place.
 G = Mean time per level.
                   A        B        C        D        E       F      G
               +--------+--------+--------+--------+--------+-----+--------+
         Total |  14661 |  12607 |   2054 |   2135 |   7342 |  13 | 1127.8 |
       Dungeon |  14452 |  12421 |   2031 |   2135 |   7162 |  12 | 1204.3 |
        Temple |    209 |    186 |     23 |      0 |    180 |   1 |  209.0 |
               +--------+--------+--------+--------+--------+-----+--------+

Top non-repeatable levels by time:
    D:11: 2277 daAuts
     D:9: 1849 daAuts
     D:8: 1837 daAuts
     D:1: 1606 daAuts
     D:5: 1153 daAuts
     D:4: 1022 daAuts
     D:7: 1018 daAuts
     D:2: 967 daAuts
    D:10: 917 daAuts
     D:3: 873 daAuts
     D:6: 722 daAuts
  Temple: 209 daAuts
    D:12: 205 daAuts
